Map: Retribution LE

Players

BoneColector

  • Race: Terran Terran
  • Spawn Location: 3:00

Hindulaatti

  • Race: Protoss Protoss
  • League: Platinum
  • Spawn Location: 1:00

AngryKid

  • Race: Zerg Zerg
  • Spawn Location: 6:00

redius

  • Race: Terran Terran
  • Spawn Location: 1:00

Adam

  • Race: Protoss Protoss
  • Spawn Location: 7:00

WizardOfRoss

  • Race: Zerg Zerg
  • Spawn Location: 12:00

ShadowKnight

  • Race: Zerg Zerg
  • Spawn Location: 7:00

DarKForce

  • Race: Terran Terran
  • Spawn Location: 9:00

VOD

Have the link to the VOD?

Description

Time

  • Played on: Nov. 30, 2014, 4:03 p.m.
  • Length: 16:49
Show
View Real Time Build Order
Export as new Build Order

BoneColector Terran 

Build Orders:  

Get SALT Encoding   

  12  0:01  SCV  
  13  0:13  SCV  
  14  0:26  Supply Depot  
  14  0:36  Refinery  
  14  0:49  Barracks  
  14  0:52  SCV  
  15  1:04  SCV, Barracks  
  16  1:17  Refinery  
  16  1:28  SCV  
  16  1:32  Supply Depot  
  17  1:40  Orbital Command  
  17  1:43  Barracks Tech Lab  
  17  1:55  Barracks Reactor  
  20  2:13  SCV  
  21  2:25  SCV  
  22  2:32  Marine  
  22  2:33  Marine  
  22  2:35  Stimpack, Unknown  
  24  2:37  SCV  
  25  3:00  Command Center  
  25  3:05  Supply Depot  
  25  3:07  Engineering Bay  
  25  3:08  Marine  
  26  3:26  SCV  
  27  3:38  SCV  
  28  3:44  Bunker  
  28  3:45  Bunker  
  28  3:51  Marine x2  
  30  3:57  SCV  
  30  3:59  Missile Turret  
  31  4:09  SCV  
  32  4:19  Planetary Fortress  
  32  4:24  Marine  
  32  4:25  Marine x2  
  35  4:36  Factory  
  35  4:38  Factory  
  35  4:42  Marine x2  
  35  4:43  Marine  
  38  4:46  Supply Depot  
  38  5:00  Marine  
  38  5:01  SCV x2  
  44  5:13  Marine  
  45  5:16  Supply Depot  
  45  5:18  Marine  
  46  5:27  Hellion x2  
  50  5:29  Unknown, Marine  
  50  5:30  Marine  
  50  5:31  Supply Depot  
  52  5:39  SCV  
  50  5:51  SCV  
  50  5:53  Marine  
  50  5:54  SCV  
  53  6:03  SCV  
  53  6:06  SCV  
  54  6:15  SCV  
  54  6:18  Command Center, Factory Tech Lab x2  
  55  6:21  Unknown  
  55  6:42  Refinery  
  55  6:43  Refinery  
  55  6:44  Supply Depot  
  55  6:46  Supply Depot  
  55  6:49  Missile Turret  
  55  6:50  Missile Turret  
  55  6:53  Supply Depot, Marine  
  55  6:54  Marine x2  
  58  7:11  Marine  
  58  7:12  Marauder  
  57  7:19  Marine  
  57  7:20  SCV  
  51  7:24  Cyclone x2  
  51  7:29  Marine  
  58  7:33  Marauder  
  58  7:35  SCV x2  
  62  7:38  Bunker  
  62  7:40  Orbital Command  
  62  7:46  Armory  
  62  7:47  SCV x2  
  62  7:51  Terran Infantry Weapons Level 1  
  64  7:56  Siege Tank  
  66  8:07  Missile Turret  
  60  8:14  Marine  
  60  8:15  Marauder, Marine  
  64  8:24  SCV x2  
  66  8:36  Marauder, SCV  
  66  8:37  Marine x2, SCV  
  72  8:41  Siege Tank  
  75  8:48  SCV  
  76  9:13  SCV  
  76  9:14  SCV  
  78  9:28  Thor x2  
  78  9:30  Missile Turret  
  90  9:31  Missile Turret  
  90  9:35  Orbital Command  
  90  9:41  Terran Vehicle and Ship Weapons Level 1  
  90  9:44  Missile Turret  
  90  9:46  SCV  
  91  10:05  Marine x2  
  93  10:11  Hellbat x2  
  97  10:16  Barracks  
  97  10:19  Barracks  
  97  10:22  Terran Infantry Armor Level 1  
  97  10:28  Marine x2  
  97  10:32  Marine, Siege Tank x2  
  106  10:46  Marine x2  
  108  11:01  Missile Turret  
  108  11:02  Missile Turret  
  108  11:04  SCV x3  
  111  11:18  Missile Turret  
  79  11:33  Marine x5  
  79  11:35  Terran Vehicle And Ship Armor Level 1  
  71  11:43  Unknown  
  70  11:48  Siege Tank x2  
  70  11:49  SCV x2  
  70  11:50  Marine  
  70  11:51  Marine x4  
  83  12:08  Marine x3  
  83  12:09  Combat Shields, Marine x2  
  80  12:20  Siege Tank x2  
  79  12:26  Marine x4  
  63  12:52  Siege Tank x2  
  63  12:53  Marine x5  
  59  13:10  Marine  
  59  13:11  Marine x4  
  64  13:19  Missile Turret  
  64  13:22  Orbital Command  
  64  13:28  Marine x2  
  64  13:29  Marine x3  
  64  13:34  Widow Mine x2  
  71  13:46  Marine x3  
  74  14:02  Widow Mine  
  64  14:47  Marine x5  
  69  15:02  Command Center  
  69  15:04  Command Center, Marine  
  69  15:05  Marine  
  69  15:07  Command Center, Marine x3  
  74  15:22  Marine  
  75  15:30  Command Center  
  75  15:32  Missile Turret  
  75  15:36  SCV x2  
  75  15:37  Missile Turret  
  77  15:48  SCV  
  26  16:26  Marine x3  
  26  16:27  Marine x2  
Show
View Real Time Build Order
Export as new Build Order

Hindulaatti Protoss 

Build Orders: Colossus Rush 

Get SALT Encoding   

  12  0:01  Probe  
  13  0:13  Probe  
  14  0:22  Pylon  
  14  0:40  Probe  
  14  0:41  Gateway  
  15  0:45  Assimilator  
  15  0:52  Probe (Chrono Boost)  
  16  0:57  Pylon  
  17  1:04  Probe (Chrono Boost)  
  17  1:08  Assimilator  
  17  1:11  Assimilator  
  17  1:13  Probe (Chrono Boost)  
  18  1:21  Probe (Chrono Boost)  
  19  1:28  Cybernetics Core  
  19  1:35  Probe  
  20  1:47  Probe (Chrono Boost)  
  21  1:57  Probe (Chrono Boost)  
  22  2:05  Warp Gate  
  22  2:09  Probe  
  22  2:11  Nexus  
  23  2:21  Probe  
  24  2:27  Robotics Facility  
  24  2:35  Pylon  
  24  2:43  Probe  
  25  2:56  Probe  
  26  3:07  Stalker  
  26  3:08  Probe  
  29  3:14  Robotics Bay  
  29  3:24  Probe x2  
  29  3:25  Warp Prism  
  33  3:35  Pylon  
  33  3:48  Probe (Chrono Boost)  
  33  3:49  Probe (Chrono Boost)  
  35  4:00  Probe (Chrono Boost)  
  35  4:01  Probe (Chrono Boost), Extended Thermal Lance (Chrono Boost)  
  37  4:04  Colossus (Chrono Boost)  
  37  4:09  Probe (Chrono Boost)  
  45  4:10  Probe (Chrono Boost)  
  45  4:17  Probe  
  45  4:19  Probe  
  47  4:34  Probe  
  47  4:35  Probe  
  39  4:50  Colossus (Chrono Boost)  
  39  4:51  Stalker  
  46  5:09  Pylon  
  46  5:12  Pylon, Nexus  
  46  5:31  Colossus (Chrono Boost)  
  52  5:38  Stalker  
  54  6:07  Pylon  
  54  6:14  Pylon  
  54  6:23  Probe  
  54  6:25  Colossus (Chrono Boost)  
  61  6:33  Probe  
  61  6:35  Probe  
  63  6:40  Stalker  
  63  6:44  Gateway  
  63  6:45  Probe  
  66  6:48  Probe  
  66  6:50  Assimilator  
  67  6:57  Probe  
  67  7:00  Probe  
  69  7:09  Probe  
  69  7:12  Probe  
  69  7:14  Colossus (Chrono Boost)  
  77  7:21  Probe  
  78  7:24  Probe  
  79  7:33  Probe  
  79  7:36  Probe  
  81  7:37  Pylon  
  81  7:45  Probe  
  81  7:48  Probe  
  83  7:57  Probe  
  84  8:00  Warp Prism (Chrono Boost), Probe  
  87  8:09  Probe  
  87  8:12  Probe, Stalker  
  91  8:21  Probe  
  92  8:42  Pylon  
  92  8:43  Pylon  
  92  8:44  Pylon  
  92  8:45  Assimilator  
  92  8:59  Colossus  
  92  9:00  Probe x2  
  100  9:12  Probe x2  
  100  9:13  Stalker x2  
  106  9:24  Probe, Gateway  
  106  9:27  Gateway x2  
  107  9:57  Stalker x2  
  111  10:27  Probe  
  111  10:28  Probe  
  113  10:43  Pylon  
  113  10:45  Pylon  
  113  10:47  Pylon  
  113  11:00  Colossus  
  111  11:26  Stalker x5  
  111  11:28  Forge  
  121  11:34  Nexus  
  121  11:35  Pylon  
  121  11:54  Colossus (Chrono Boost)  
  125  12:04  Pylon x2  
  125  12:06  Pylon  
  125  12:07  Pylon x2  
  91  12:16  Stalker x3  
  91  12:17  Stalker x2  
  101  12:26  Photon Cannon  
  101  12:28  Protoss Ground Weapons Level 1 (Chrono Boost)  
  101  12:29  Forge  
  101  12:33  Colossus (Chrono Boost)  
  101  12:35  Twilight Council  
  107  12:38  Pylon  
  107  12:40  Assimilator  
  107  12:58  Stalker x4  
  111  12:59  Stalker  
  89  13:27  Disruptor (Chrono Boost)  
  74  13:35  Stalker x2  
  74  13:36  Stalker x2  
  74  13:37  Zealot  
  79  13:59  Observer (Chrono Boost)  
  84  14:21  Disruptor (Chrono Boost)  
  84  14:24  Protoss Ground Weapons Level 2 (Chrono Boost)  
  72  15:13  Nexus  
  17  16:31  Probe x3  
  20  16:42  Zealot x2  
Show
View Real Time Build Order
Export as new Build Order

AngryKid Zerg 

Build Orders: Pool First 

Get SALT Encoding   

  12  0:20  Drone x2  
  14  0:21  Overlord  
  14  0:28  Extractor  
  13  0:33  Drone  
  14  0:43  Spawning Pool  
  14  0:46  Drone  
  14  0:53  Drone  
  15  1:03  Drone  
  16  1:13  Drone  
  17  1:25  Overlord  
  17  1:29  Queen  
  17  1:31  Metabolic Boost  
  19  1:57  Hatchery  
  19  2:00  Drone  
  19  2:03  Drone  
  19  2:07  Drone  
  21  2:12  Drone  
  22  2:25  Evolution Chamber  
  22  2:28  Queen  
  23  2:49  Overlord x2  
  23  2:52  Zerg Melee Weapons Level 1  
  23  2:57  Zergling x6  
  26  3:02  Zergling x2  
  27  3:09  Zergling x4  
  29  3:24  Zergling x6  
  33  3:27  Zergling x2  
  33  3:30  Zergling x2  
  34  3:35  Zergling x2  
  35  3:52  Drone x2  
  35  3:53  Drone x3  
  35  3:55  Drone  
  41  3:56  Drone  
  41  4:02  Drone  
  43  4:03  Drone  
  43  4:07  Drone  
  44  4:29  Drone x4  
  48  4:34  Drone x3  
  51  4:46  Overlord x2  
  51  4:47  Overlord  
  51  4:49  Drone  
  51  4:50  Overlord x2  
  52  4:56  Roach Warren  
  52  4:57  Overlord  
  51  5:16  Drone x3  
  51  5:19  Queen  
  56  5:24  Lair  
  56  5:29  Evolution Chamber  
  56  5:31  Zerg Ground Armor Level 1  
  45  5:56  Zerg Missile Weapons Level 1  
  44  5:59  Roach x2  
  48  6:24  Spire  
  47  6:32  Extractor x2  
  43  6:34  Extractor  
  42  6:42  Zergling x2  
  42  6:43  Zergling x32  
  42  6:44  Zergling x14  
  66  6:50  Hatchery  
  65  6:58  Drone x2  
  67  7:26  Burrow  
  67  7:27  Drone x6  
  67  7:28  Drone  
  74  7:30  Drone x3  
  77  7:48  Hatchery  
  68  7:56  Zerg Ground Armor Level 2  
  62  8:24  Corruptor x5  
  62  8:25  Corruptor  
  74  8:28  Drone x3  
  74  8:29  Drone x4  
  74  8:32  Hatchery  
  74  8:33  Zerg Missile Weapons Level 2  
  65  8:48  Roach  
  65  8:49  Roach x5  
  65  8:53  Roach x2  
  81  9:40  Roach  
  81  9:41  Roach x8  
  81  9:44  Overlord x3  
  101  9:49  Tunneling Claws  
  101  10:07  Extractor  
  101  10:09  Hydralisk Den, Extractor  
  87  11:01  Corruptor x5  
  87  11:02  Corruptor  
  101  11:23  Drone x2  
  101  11:24  Drone  
  104  12:16  Lurker Den  
  104  12:21  Drone x3  
  107  12:26  Hydralisk x3  
  82  13:56  Hydralisk x2  
  82  14:10  Hatchery  
  75  14:45  Mutalisk x2  
  68  14:46  Roach  
  68  14:48  Roach x12  
  68  14:49  Roach x7  
  109  15:05  Drone  
  127  15:36  Infestation Pit  
  127  15:38  Hydralisk x2  
  130  15:50  Overlord x2  
  130  15:51  Overlord x3  
  86  16:40  Lurker x2  
Show
View Real Time Build Order
Export as new Build Order

redius Terran 

Build Orders: Command Center First (CC) 

Get SALT Encoding   

  12  0:02  SCV  
  13  0:15  SCV  
  15  0:28  SCV  
  15  0:29  Supply Depot  
  15  0:32  Refinery  
  15  0:47  Supply Depot  
  15  1:08  SCV  
  16  1:13  Command Center  
  16  1:21  SCV  
  17  1:28  Supply Depot  
  17  1:37  SCV  
  18  1:50  SCV  
  18  1:51  Supply Depot  
  19  2:02  SCV  
  19  2:07  Engineering Bay  
  20  2:14  SCV  
  21  2:18  Barracks  
  21  2:26  SCV x2  
  23  2:32  Refinery  
  23  2:37  Terran Infantry Weapons Level 1  
  23  2:38  SCV x2  
  23  2:43  Refinery  
  25  2:48  Refinery  
  25  2:53  SCV  
  25  2:57  SCV  
  27  3:06  Barracks Tech Lab  
  27  3:10  Factory  
  27  3:14  SCV x2  
  29  3:31  Orbital Command  
  29  3:34  Orbital Command  
  29  3:59  Supply Depot  
  29  4:00  Combat Shields  
  29  4:01  Factory Tech Lab  
  29  4:03  SCV  
  29  4:05  SCV  
  31  4:15  SCV  
  32  4:20  Siege Tank  
  32  4:22  Supply Depot  
  38  4:31  Terran Infantry Armor Level 1  
  39  4:38  SCV  
  39  4:43  Barracks  
  39  4:46  Barracks  
  39  4:50  SCV, Barracks  
  39  4:52  Unknown  
  43  4:57  Starport  
  43  5:02  SCV  
  44  5:14  Siege Tank  
  44  5:21  Unknown, SCV  
  48  5:31  Armory  
  48  5:33  SCV  
  49  5:45  SCV  
  47  5:55  Barracks Reactor x2  
  47  5:56  Barracks Reactor  
  47  5:57  Marine, SCV  
  49  6:09  Command Center  
  49  6:10  SCV  
  50  6:15  Marine  
  50  6:17  Starport Tech Lab  
  51  6:23  Siege Tank  
  51  6:24  Supply Depot  
  54  6:33  Marine  
  55  6:47  Supply Depot  
  55  6:51  Command Center, Marine  
  56  6:55  Siege Tank  
  59  7:04  Terran Infantry Weapons Level 2  
  59  7:06  Starport  
  59  7:09  Marine  
  59  7:10  Supply Depot  
  60  7:20  Medivac  
  62  7:24  Terran Vehicle and Ship Weapons Level 1  
  62  7:33  Supply Depot  
  62  7:38  Marine  
  62  7:39  Marine x6  
  69  7:50  Medivac  
  71  7:56  Marine  
  72  8:05  Supply Depot  
  72  8:13  Marine  
  72  8:14  Marine x6  
  79  8:28  Supply Depot  
  79  8:29  Raven  
  79  8:31  Marine x2  
  79  8:32  Marine x4  
  80  8:50  Supply Depot  
  80  8:56  Orbital Command  
  71  9:06  Marine x6  
  71  9:07  Marine  
  77  9:10  Orbital Command  
  77  9:12  Supply Depot  
  77  9:18  Terran Vehicle And Ship Armor Level 1  
  77  9:19  Terran Infantry Armor Level 2  
  77  9:24  Marine x7  
  77  9:25  Siege Tank  
  77  9:27  Starport Reactor  
  77  9:28  Raven  
  89  9:35  Supply Depot  
  89  9:41  Marine  
  89  9:42  Marine x6  
  89  9:45  Orbital Command  
  96  9:52  Refinery  
  96  9:57  Siege Tank  
  96  9:59  Marine x3  
  100  10:00  Marine x4  
  106  10:11  Medivac  
  108  10:18  SCV  
  94  10:29  Siege Tank  
  94  10:30  SCV  
  94  10:35  Caduceus Reactor  
  91  10:39  Concussive Shells  
  91  10:41  Drilling Claws  
  91  10:42  SCV  
  73  10:52  Marine x6  
  73  10:53  Marine  
  73  10:54  SCV  
  79  11:01  Siege Tank  
  82  11:06  SCV  
  82  11:10  Marine x7  
  90  11:19  Terran Vehicle and Ship Weapons Level 2  
  90  11:22  Stimpack  
  90  11:25  Viking  
  92  11:26  Banshee  
  92  11:27  Marine  
  92  11:28  Marine x2  
  92  11:32  Corvid Reactor  
  98  11:33  Siege Tank  
  98  11:35  Terran Infantry Weapons Level 3  
  98  11:36  Refinery  
  101  11:40  SCV  
  101  11:42  Refinery  
  101  11:46  Refinery  
  102  11:52  SCV  
  102  11:53  Ghost Academy  
  103  12:01  Fusion Core  
  103  12:04  SCV  
  104  12:16  SCV  
  105  12:22  Ghost Academy  
  105  12:28  SCV  
  72  12:50  Durable Materials  
  63  12:53  Ghost Academy  
  63  12:55  Marine x3  
  63  12:56  Marine x2  
  63  12:57  Siege Tank  
  58  12:59  Medivac x3  
  58  13:00  Marine x2  
  66  13:13  Marine x4  
  66  13:14  Marine  
  66  13:18  Marine x2  
  61  13:29  Siege Tank  
  61  13:31  Marine x5  
  69  13:35  Terran Vehicle And Ship Armor Level 2  
  69  13:36  Marine x2  
  71  13:49  Marine x5  
  71  13:53  Marine  
  71  13:54  Marine  
  78  13:58  Medivac  
  78  13:59  Medivac x2  
  78  14:01  Siege Tank  
  87  14:06  Marine  
  87  14:07  Marine x4  
  92  14:11  Marine x2  
  94  14:24  Marine x3  
  94  14:25  Marine x2  
  94  14:29  Marine x2  
  100  14:33  Siege Tank  
  97  14:38  Command Center  
  97  14:42  Marine x4  
  97  14:45  Marine  
  102  14:47  Marine  
  103  15:00  Marine x3  
  103  15:02  Marine  
  103  15:05  Marine  
  108  15:12  Refinery  
  108  15:16  Refinery  
  108  15:18  Marine x3  
  108  15:20  Marine  
  112  15:22  Marine  
  113  15:29  Starport Tech Lab, Ghost  
  113  15:34  Nuke x2  
  115  15:35  Marine  
  115  15:36  Marine x2  
  115  15:38  Marine  
  115  15:40  Marine  
  120  15:46  Medivac x2  
  120  15:47  Viking  
  126  15:53  Marine  
  126  15:54  Marine x2  
  126  15:56  Marine  
  130  15:58  Ghost  
  128  16:16  Viking  
Show
View Real Time Build Order
Export as new Build Order

Adam Protoss 

Build Orders: 1 Gate Expand, Dark Templar Rush 

Get SALT Encoding   

  12  0:02  Probe  
  13  0:14  Probe  
  14  0:20  Pylon  
  14  0:38  Probe (Chrono Boost)  
  14  0:41  Assimilator  
  15  0:45  Assimilator  
  15  0:48  Probe (Chrono Boost)  
  16  0:52  Gateway  
  16  0:55  Probe  
  17  1:07  Probe (Chrono Boost)  
  18  1:17  Probe (Chrono Boost)  
  19  1:24  Probe  
  20  1:36  Probe (Chrono Boost)  
  21  1:42  Nexus  
  21  1:48  Probe (Chrono Boost)  
  22  1:54  Pylon  
  22  2:07  Cybernetics Core  
  22  2:12  Probe (Chrono Boost)  
  23  2:22  Probe (Chrono Boost)  
  24  2:26  Forge  
  24  2:29  Probe  
  25  2:41  Probe (Chrono Boost)  
  26  2:47  Twilight Council  
  26  2:53  Probe (Chrono Boost)  
  28  2:59  Probe (Chrono Boost)  
  28  3:01  Probe (Chrono Boost)  
  29  3:07  Probe (Chrono Boost)  
  29  3:08  Assimilator  
  30  3:14  Assimilator  
  30  3:18  Probe (Chrono Boost)  
  30  3:19  Probe (Chrono Boost)  
  32  3:27  Probe (Chrono Boost)  
  33  3:30  Templar Archives  
  33  3:34  Dark Shrine  
  33  3:38  Probe (Chrono Boost)  
  34  3:46  Probe (Chrono Boost)  
  36  3:56  Probe (Chrono Boost)  
  36  3:59  Psionic Storm  
  36  4:04  Probe (Chrono Boost), Warp Gate (Chrono Boost)  
  37  4:12  Probe (Chrono Boost)  
  37  4:16  Pylon  
  38  4:18  Pylon  
  38  4:21  Probe (Chrono Boost)  
  39  4:33  Probe (Chrono Boost)  
  40  4:40  Probe (Chrono Boost)  
  40  4:43  Gateway  
  41  4:47  Gateway  
  41  4:48  Gateway  
  41  4:50  Probe  
  41  4:51  Gateway  
  42  4:53  Gateway  
  42  5:02  Probe (Chrono Boost)  
  42  5:06  Gateway  
  43  5:07  Gateway  
  43  5:13  Gateway  
  44  5:14  Probe (Chrono Boost)  
  44  5:23  Probe (Chrono Boost), Gateway  
  45  5:31  Probe (Chrono Boost)  
  47  5:43  Probe (Chrono Boost)  
  47  5:51  Probe (Chrono Boost)  
  48  5:57  Pylon  
  48  6:00  Probe  
  48  6:01  Pylon  
  49  6:13  Pylon  
  49  6:15  Pylon  
  49  6:20  Pylon  
  49  6:22  Probe (Chrono Boost)  
  50  6:32  Probe (Chrono Boost)  
  51  6:44  Robotics Facility  
  51  6:45  Robotics Facility  
  51  6:48  Robotics Facility  
  51  7:14  Dark Templar  
  53  7:15  Dark Templar  
  53  7:16  Dark Templar x5  
  53  7:17  Dark Templar x2  
  67  8:22  Robotics Bay  
  67  8:37  Sentry x3  
  67  8:38  Sentry x4  
  67  8:39  Sentry x3  
  73  9:49  Assimilator  
  73  9:54  Assimilator, Nexus  
  73  10:03  Pylon  
  73  10:06  Pylon  
  73  10:08  Pylon  
  73  11:29  High Templar x4  
  73  11:30  High Templar x6  
  93  11:38  Archon  
  65  12:55  Archon  
  65  12:56  Archon  
  65  13:17  High Templar x7  
  65  13:18  High Templar x3  
  85  13:38  Nexus  
  85  13:42  Assimilator  
  85  13:46  Assimilator  
  85  13:49  Pylon  
  85  13:53  Pylon  
  85  14:02  Pylon  
  85  14:06  High Templar  
  81  14:19  High Templar x2  
  81  14:20  High Templar x2  
  81  14:21  High Templar  
  82  14:47  Photon Cannon  
  82  14:49  Photon Cannon  
  82  14:50  Photon Cannon  
  82  14:52  Photon Cannon  
  82  14:56  Photon Cannon x2  
  82  15:00  Photon Cannon  
  82  15:02  Photon Cannon  
  54  15:58  Disruptor (Chrono Boost)  
  54  16:11  Zealot x3  
  56  16:12  Zealot x7  
  74  16:19  Photon Cannon  
  74  16:21  Photon Cannon  
  74  16:23  Photon Cannon  
  74  16:25  Photon Cannon  
  74  16:27  Photon Cannon  
  74  16:32  Photon Cannon  
  74  16:40  Zealot x4  
  74  16:41  Zealot x6  
Show
View Real Time Build Order
Export as new Build Order

WizardOfRoss Zerg 

Build Orders: Hatch First 

Get SALT Encoding   

  12  0:01  Drone  
  13  0:11  Drone  
  14  0:23  Overlord  
  14  0:38  Extractor  
  13  0:45  Drone x3  
  16  1:01  Extractor  
  15  1:04  Drone  
  15  1:09  Drone  
  17  1:20  Hatchery  
  17  1:25  Drone  
  17  1:30  Drone  
  18  1:37  Spawning Pool  
  18  1:39  Drone  
  18  1:49  Drone  
  19  2:02  Overlord  
  19  2:15  Drone  
  20  2:23  Drone  
  20  2:25  Lair  
  21  2:35  Drone  
  21  2:36  Roach Warren  
  21  2:38  Drone  
  21  2:44  Drone  
  23  2:47  Drone  
  24  2:55  Drone  
  24  2:57  Queen  
  27  2:59  Drone  
  28  3:06  Drone  
  28  3:09  Drone  
  30  3:16  Drone  
  31  3:21  Roach  
  31  3:23  Queen  
  35  3:30  Drone  
  35  3:31  Hydralisk Den  
  35  3:33  Drone  
  36  3:49  Overlord  
  36  3:50  Overlord  
  36  4:06  Spine Crawler  
  35  4:11  Hydralisk x2  
  33  4:26  Hydralisk  
  32  4:33  Hydralisk  
  34  4:53  Hydralisk x5  
  44  5:11  Hydralisk  
  46  5:15  Overlord x5  
  46  5:33  Drone  
  47  5:38  Lurker Den  
  47  5:48  Burrow  
  48  5:57  Drone x3  
  48  6:03  Overseer  
  50  6:08  Hatchery  
  49  6:26  Hydralisk x3, Roach  
  49  6:28  Roach  
  59  6:53  Evolution Chamber  
  58  6:55  Evolution Chamber, Infestation Pit  
  58  6:58  Hydralisk x3  
  58  6:59  Hydralisk  
  64  7:09  Lurker  
  64  7:10  Lurker  
  64  7:11  Lurker  
  67  7:19  Drone x3  
  70  7:23  Drone  
  71  7:47  Drone x2  
  75  7:53  Drone  
  76  8:05  Drone x5  
  80  8:06  Drone x3  
  80  8:11  Hive  
  84  8:13  Drone  
  84  8:19  Extractor  
  84  8:20  Drone  
  84  8:23  Extractor  
  79  9:16  Hydralisk x3  
  85  9:24  Queen  
  87  9:46  Hydralisk x2  
  87  9:50  Overlord x2  
  87  9:51  Overlord x3  
  82  10:01  Roach x3  
  88  10:19  Roach x3  
  43  11:43  Unknown  
  43  11:44  Roach x6  
  43  11:45  Roach  
  57  11:51  Roach x5  
  57  11:52  Roach x2  
  71  12:05  Roach  
  73  12:15  Roach  
  75  12:31  Roach x6  
  87  12:47  Roach x2  
  87  12:48  Roach x3  
  113  13:53  Roach x2  
  113  13:54  Roach x3  
  123  14:03  Overlord  
  123  14:04  Overlord x6  
  123  14:12  Zerg Ground Armor Level 1, Zerg Missile Weapons Level 1  
  123  14:16  Glial Reconstitution  
  67  16:14  Hydralisk x2  
  67  16:16  Roach x2  
  67  16:17  Roach x2  
Show
View Real Time Build Order
Export as new Build Order

ShadowKnight Zerg 

Build Orders: 3 Hatch before Pool 

Get SALT Encoding   

  12  0:01  Drone  
  13  0:12  Overlord  
  13  0:21  Drone  
  14  0:31  Drone x2  
  16  0:40  Drone  
  17  0:47  Drone  
  18  0:58  Hatchery  
  18  1:03  Drone  
  18  1:08  Drone  
  19  1:17  Drone  
  20  1:30  Hatchery  
  19  1:33  Drone  
  20  1:45  Spawning Pool  
  19  1:47  Drone  
  19  1:52  Drone  
  21  1:57  Extractor  
  21  2:00  Drone  
  21  2:11  Overlord  
  21  2:13  Drone  
  22  2:22  Drone x2  
  24  2:33  Drone x2, Queen  
  28  2:39  Queen  
  30  2:49  Queen  
  32  2:53  Drone  
  33  3:00  Spine Crawler  
  33  3:01  Drone  
  33  3:07  Roach Warren  
  33  3:09  Drone  
  33  3:13  Drone  
  33  3:14  Drone  
  33  3:16  Drone  
  33  3:18  Drone  
  37  3:22  Drone  
  38  3:27  Overlord  
  38  3:28  Drone  
  38  3:34  Drone x2  
  40  3:35  Evolution Chamber  
  40  3:49  Roach  
  40  3:50  Roach x4  
  50  3:57  Overlord  
  50  4:00  Overlord  
  50  4:08  Overlord  
  50  4:12  Lair  
  50  4:18  Queen  
  50  4:20  Drone x6  
  58  4:28  Drone x5  
  63  4:32  Zerg Missile Weapons Level 1, Extractor  
  63  4:35  Drone x2, Extractor  
  63  4:40  Drone x2  
  65  4:51  Drone  
  66  4:58  Overlord x4  
  66  5:00  Spore Crawler  
  65  5:09  Drone  
  66  5:17  Drone x16  
  82  5:27  Extractor  
  82  5:28  Spore Crawler  
  80  5:32  Drone x7  
  87  5:40  Glial Reconstitution  
  87  5:48  Evolution Chamber  
  84  5:50  Drone x4  
  88  6:01  Drone x4  
  88  6:03  Extractor  
  91  6:05  Extractor  
  91  6:06  Roach x4  
  96  6:16  Overlord x2, Roach  
  96  6:17  Overlord x3  
  98  6:27  Infestation Pit  
  98  6:36  Spore Crawler  
  97  6:48  Spine Crawler  
  97  6:50  Drone  
  97  6:55  Queen  
  97  7:00  Roach x12  
  128  7:16  Roach x5  
  138  7:33  Hatchery  
  138  7:34  Zerg Missile Weapons Level 2  
  138  7:35  Zerg Ground Armor Level 1  
  137  7:38  Hydralisk Den  
  137  7:39  Infestation Pit  
  135  7:56  Roach  
  138  8:13  Overlord x6  
  138  8:14  Overlord x4  
  138  8:15  Overlord, Overseer  
  138  8:16  Overseer  
  138  8:17  Pneumatized Carapace  
  138  8:19  Burrow  
  138  8:21  Tunneling Claws  
  124  8:42  Spire  
  123  9:22  Muscular Augments  
  123  9:28  Hydralisk x2  
  123  9:29  Hydralisk x12  
  123  9:30  Hydralisk  
  153  9:39  Hive  
  144  10:13  Roach  
  144  10:14  Roach x15  
  166  10:17  Zerg Flyer Weapons Level 1  
  160  10:29  Hatchery  
  160  10:32  Roach  
  160  10:33  Roach x4  
  160  10:34  Muscular Augments  
  157  10:51  Viper x3  
  157  10:52  Viper  
  169  10:59  Evolution Chamber  
  169  11:00  Evolution Chamber  
  169  11:03  Hydralisk x3  
  151  11:36  Roach x10  
  151  11:37  Roach x10  
  191  11:46  Zerg Missile Weapons Level 3  
  188  12:00  Roach  
  200  12:01  Roach x7  
  183  12:20  Drone  
  183  12:21  Roach x20  
  183  12:22  Extractor  
  183  12:23  Extractor  
  183  12:25  Spore Crawler  
  183  12:26  Spine Crawler  
  180  12:35  Roach x3  
  180  12:36  Roach x7  
  200  12:50  Roach x9  
  198  13:09  Roach x3  
  196  13:30  Lurker Den  
  196  13:41  Hydralisk x3  
  200  14:14  Hatchery  
  195  14:17  Roach x5  
  141  14:58  Drone, Roach  
  141  14:59  Roach x18  
  168  15:00  Roach x17  
  150  15:31  Roach  
  150  15:32  Roach x8  
  170  15:45  Hydralisk  
  170  15:46  Hydralisk x2  
Show
View Real Time Build Order
Export as new Build Order

DarKForce Terran 

Build Orders:  

Get SALT Encoding   

  12  0:12  SCV  
  13  0:50  Supply Depot  
  13  0:51  SCV  
  14  1:12  Supply Depot  
  14  1:37  Supply Depot  
  14  1:38  SCV  
  15  1:50  SCV  
  16  1:57  Barracks  
  16  2:02  SCV  
  17  2:14  SCV  
  18  2:28  Supply Depot  
  18  2:47  Refinery  
  18  2:51  Supply Depot  
  17  3:07  SCV  
  18  3:15  Supply Depot  
  18  3:19  SCV  
  19  3:31  Marine  
  20  3:37  Bunker  
  20  3:49  Marine  
  21  4:06  Marine  
  22  4:24  Marine  
  23  4:34  Barracks  
  23  4:42  Marine  
  24  5:02  Barracks Reactor  
  24  5:23  Barracks Reactor  
  24  5:33  Factory  
  24  5:41  Marine x2  
  26  5:58  Marine  
  26  5:59  Marine  
  28  6:16  Marine x2  
  30  6:22  Marine x2  
  32  6:34  Marine x2  
  32  6:35  Factory Tech Lab  
  32  6:39  Marine x2  
  36  6:52  Marine x2  
  38  6:56  Supply Depot  
  38  6:57  Marine x2  
  43  7:10  Cyclone, Marine x2  
  43  7:15  Marine x2  
  46  7:19  Supply Depot  
  47  7:27  Marine  
  47  7:28  Marine  
  49  7:33  Marine x2  
  51  7:43  Cyclone  
  54  7:45  Marine x2  
  54  7:51  Marine x2  
  57  7:57  SCV  
  59  8:03  Marine x2  
  61  8:08  Marine  
  61  8:09  Marine, SCV  
  64  8:15  Siege Tank  
  67  8:21  Marine x2, SCV  
  67  8:26  Marine x2  
  72  8:30  Refinery  
  72  8:39  Marine x2  
  74  8:44  Marine x2  
  74  8:47  Siege Tank  
  79  9:05  Supply Depot  
  79  9:27  Marine x4  
  79  9:29  Supply Depot  
  83  9:44  Marine x4  
  87  10:02  Marine x4  
  91  10:12  Supply Depot  
  91  10:20  Marine x4  
  95  10:35  Supply Depot  
  95  10:38  Marine x4  
  99  10:56  Marine x4  
  103  11:13  Marine x4  
  48  13:57  Marine x2  
  48  14:00  Marine x2  
  52  14:15  Marine x2  
  47  14:18  Marine x2  
  40  14:33  Marine x2  
  40  14:36  Marine x2  
  44  14:51  Marine x2  
  46  14:54  Marine x2  
  48  15:09  Marine x2  
  48  15:11  Marine  
  48  15:12  Marine  
  52  15:26  Marine  
  52  15:27  Marine  
  54  15:29  Marine x2  
Tags
 
Add a new tag
Caveats
  • Supply blocks, unpowered buildings, or Contaminate may cause inaccurate times.
  • Supply counts are checked every 10 seconds.